 Dungeon Crawl Stone Soup version 0.29.1-15-g9cfb28693d (webtiles) character file.

Game seed: 2808615997151962693

344 croobank the Covert (level 6, -5/43 HPs)
             Began as an Octopode Delver on Mar 13, 2023.
             Slain by a bullfrog skeleton (7 damage)
             ... on level 5 of the Dungeon.
             The game lasted 00:07:16 (2804 turns).

croobank the Covert (Octopode Delver)               Turns: 2804, Time: 00:07:17

Health: -5/43      AC:  1    Str: 11    XL:     6   Next: 58%
Magic:  7/7        EV: 14    Int: 15    God:
Gold:   21         SH:  0    Dex: 13    Spells: 5/6 levels left

rFire   . . .      SeeInvis .   a - +0 hand axe
rCold   . . .      Faith    .   (no shield)
rNeg    . . .      Spirit   .   (helmet restricted)
rPois   .          Reflect  .   (no amulet)
rElec   .          Harm     .   (no ring)
rCorr   .          Rampage  .   (no ring)
Will    .....                   (no ring)
Stlth   +++++.....              (no ring)
HPRegen 0.14/turn               (no ring)
MPRegen 0.10/turn               (no ring)
                                (no ring)
                                (no ring)

@: mighty, attractive
A: almost no armour, amphibious, 8 rings, camouflage 1, gelatinous body 1,
(nimble swimmer 1), tentacles
a: no special abilities


You were on level 5 of the Dungeon.
You visited 1 branch of the dungeon, and saw 6 of its levels.
You also visited: Sewer.

You collected 21 gold pieces.

Inventory:

Hand Weapons
 a - a +0 hand axe (weapon)
 h - a +0 dagger
 i - a +0 rapier
 n - a +0 dagger of venom
Jewellery
 m - an amulet of faith
Wands
 f - a wand of digging (3)
Scrolls
 b - 5 scrolls of fog
 c - a scroll of magic mapping
 d - 3 scrolls of enchant armour {unknown}
 g - 5 scrolls of identify {unknown}
 j - a scroll of blinking {unknown}
 k - a scroll of teleportation {unknown}
 o - a scroll of summoning {unknown}
 q - a scroll of fear
Potions
 e - a potion of haste
 l - 2 potions of attraction
 r - a potion of ambrosia {unknown}
 s - a potion of curing {unknown}


   Skills:
 + Level 4.3 Fighting
 + Level 3.6 Axes
 + Level 3.6 Dodging
 + Level 8.0 Stealth
 + Level 0.8 Spellcasting
 + Level 0.8 Conjurations


You had 5 spell levels left.
You knew the following spells:

 Your Spells              Type           Power      Damage    Failure   Level
a - Magic Dart            Conj           12%        1d3       19%         1

Your spell library contained the following spells:

 Spells                   Type           Power      Damage    Failure   Level
 Call Imp                 Summ           0%         N/A       36%         2
 Mephitic Cloud           Conj/Pois/Air  1%         N/A       56%         3


Dungeon Overview and Level Annotations

Branches:
Dungeon (8/15)              Sewer (visited)
 Temple: D:4-7         Lair: D:8-11

Altars:
Qazlal

Shops:
D:7 ?

Annotations:
D:4 2 runed translucent doors


Innate Abilities, Weirdness & Mutations

You cannot wear most types of armour.
You are amphibious.
You can wear up to eight rings at the same time.
Your skin changes colour to match your surroundings (Stealth+).
Your rubbery body absorbs attacks. (AC +1, EV +1)
((You are camouflaged when in or above water. (Stealth+)))
You have tentacles for arms and can constrict up to eight enemies at once.


Message History

You hit the iguana. You grab the iguana.
The iguana is lightly wounded.
You constrict the iguana, but do no damage.
The iguana barely misses you.
You hit the iguana but do no damage.
The iguana is lightly wounded.
You constrict the iguana, but do no damage.
The iguana bites you!
You barely miss the iguana.
You squeeze the iguana, but do no damage.
The iguana is lightly wounded.
You constrict the iguana. The iguana barely misses you.
You hit the iguana but do no damage.
The iguana is lightly wounded.
You constrict the iguana. The iguana misses you.
You hit the iguana but do no damage. You squeeze the iguana.
The iguana is heavily wounded.
You constrict the iguana. The iguana barely misses you.
You hit the bullfrog skeleton but do no damage.
You grab the bullfrog skeleton. You squeeze the bullfrog skeleton!
The bullfrog skeleton is moderately damaged.
You barely miss the iguana. You constrict the bullfrog skeleton.
You constrict the iguana. The bullfrog skeleton hits you.
* * * LOW HITPOINT WARNING * * *
The iguana bites you.
* * * LOW HITPOINT WARNING * * *
The bullfrog skeleton hits you but does no damage.
The iguana bites you.
* * * LOW HITPOINT WARNING * * *
It was a potion of attraction.
You feel attractive to monsters.
You constrict the bullfrog skeleton. You constrict the iguana.
The bullfrog skeleton barely misses you.
The iguana closely misses you.
The hound skeleton is attracted toward you.
It was a potion of might.
You feel very mighty all of a sudden.
You constrict the bullfrog skeleton. You constrict the iguana.
The bullfrog skeleton hits you!
You die...

....<.. #.... .......
#..### ........#### #..>###
...........######.....#
...................#.#..#
.l......#..........#......
........#....####.........
.............# ##........
........#@#..####.........
......##lZ..........#.....
#.......##.###....#.....
#...#..##.....##..#.# ... #
. #.##............
~~~.......... #............
P~~.........##...§P........
.~♣.........##.P...........
.#.^........##..(..........


You could see an iguana and a bullfrog skeleton.

Vanquished Creatures
  2 hounds
  A bullfrog skeleton (D:5)
  2 iguanas
  A scorpion zombie (D:5)
  An orc wizard (D:4)
  A hound skeleton (D:5)
  4 river rats (Sewer)
  4 adders
  2 shadow imps
  An ufetubus (D:5)
  12 orcs
  6 ball pythons
  An endoplasm (D:4)
  2 giant cockroaches (D:3)
  2 quokkas (D:3)
  A bat (D:3)
  6 frilled lizards (Sewer)
  A kobold (D:3)
  4 rats
54 creatures vanquished.

Vanquished Creatures (others)
  6 fungi (D:5)
  10 toadstools (D:7)
  A withered plant (D:5)
17 creatures vanquished.

Grand Total: 71 creatures vanquished

Notes
Turn   | Place    | Note
-------+----------+-------------------------------------------
     0 | D:5      | croobank the Octopode Delver began the quest for the Orb.
     0 | D:5      | Reached XP level 1. HP: 16/16 MP: 1/1
     5 | D:6      | Reached XP level 2. HP: 18/21 MP: 2/2
   145 | D:6      | Reached skill level 7 in Stealth
   145 | D:6      | Reached XP level 3. HP: 20/26 MP: 3/3
   226 | D:7      | Noticed a wyvern
   226 | D:7      | Noticed a centaur
   226 | D:7      | Found Nostyutoff's Magic Scroll Shoppe.
   566 | D:5      | Found a stormy altar of Qazlal.
   578 | D:5      | Reached XP level 4. HP: 20/31 MP: 4/4
   684 | D:5      | Noticed a phantom
  1148 | D:4      | Reached XP level 5. HP: 24/37 MP: 5/5
  1271 | D:4      | Found a large runed translucent door.
  1271 | D:4      | Found a large runed translucent door.
  1526 | D:5      | Reached XP level 6. HP: 22/43 MP: 6/6
  1925 | D:3      | Learned a level 1 spell: Magic Dart
  1940 | D:3      | Found a glowing drain.
  1944 | Sewer    | Entered a sewer
  2698 | D:3      | You fall into a shaft and drop 3 floors!
  2796 | D:5      | Reached skill level 8 in Stealth
  2802 | D:5      | HP: 1/43 [iguana (6)]
  2804 | D:5      | Slain by a bullfrog skeleton

Illustrated notes

Levels and vault maps discovered:
D:3:      layout_loops_corners, gup_sewer_entry_bowl
D:4:      layout_loops_ring, jmf_multi_god_temple2, lemuel_flame_loot_1
D:5:      layout_rooms, mainiacjoe_overflow_brackets, grunt_qazlal_sundering,
          serial_undead, serial_undead_b, serial_undead_e, serial_undead_d,
          serial_undead_e, serial_undead_f, serial_undead_a,
          dreamdust_mushroom_princess, chequers_serial_rivers_micro_d,
          serial_bayou_pond_e, item_on_display_a
D:6:      layout_loops_ring
D:7:      layout_basic, tgw_fedhas, minmay_temple_entry_statues, serial_shops,
          nicolae_take_the_stairs, roderic_roman_lattice
D:8:      layout_basic, uniq_maurice

Skill      XL: |  1  2  3  4  5  6 |
---------------+-------------------+-----
Stealth        | 7 8 |  8.0
Axes           | 3 |  3.6
Dodging        | 3 |  3.6
Fighting       | 4 |  4.3
Spellcasting   | |  0.8
Conjurations   | |  0.8

Action                   |  1- 3 |  4- 6 || total
-------------------------+-------+-------++-------
Melee: Hand axe          |    23 |   115 ||   138
       Constrict         |     7 |    30 ||    37
       Tentacles         |     4 |    28 ||    32
       Punch             |       |     3 ||     3
  Use: Scroll            |     1 |     1 ||     2
       Potion            |       |     3 ||     3
 Stab: Sleeping          |       |    24 ||    24
       Distracted        |       |     1 ||     1
Armor: Skin              |     2 |     6 ||     8
Dodge: Dodged            |    16 |    54 ||    70
